 Dungeon Crawl Stone Soup version 0.26-a0-576-gcfaa98f945 (webtiles) character file.

Game seed: 2824414353599165797

1530 CovertPenguin the Spear-Bearer (level 8, -4/50 HPs)
             Began as a Merfolk Gladiator on Aug 22, 2020.
             Killed by divine providence
             ... invoked by an orc priest
              (13 damage)
             ... on level 6 of the Dungeon.
             The game lasted 00:13:57 (5924 turns).

CovertPenguin the Spear-Bearer (Merfolk Gladiator)  Turns: 5924, Time: 00:13:58

Health: -4/50      AC:  9    Str: 14    XL:     8   Next: 85%
Magic:  8/8        EV: 18    Int:  7    God:
Gold:   339        SH:  0    Dex: 18    Spells: 7/7 levels left

rFire    . . .     SeeInvis .   a - +0 trident
rCold    . . .     Faith    .   (no shield)
rNeg     . . .     Spirit   .   D - +2 robe {MR+}
rPois    +         Reflect  .   x - +0 helmet
rElec    .         Harm     .   (no cloak)
rCorr    .                      H - +0 pair of gloves
MR       +....                  F - +0 pair of boots
Stlth    ++........             (no amulet)
HPRegen  0.16/turn              g - +4 ring of evasion
MPRegen  0.11/turn              G - ring of poison resistance

@: no status effects
A: change form in water, swift swim, stealthy swim, molten scales 1, frail 1,
MP-powered wands
a: no special abilities


You were on level 6 of the Dungeon.
You visited 1 branch of the dungeon, and saw 6 of its levels.

You collected 339 gold pieces.

Inventory:

Hand Weapons
 a - a +0 trident (weapon)
 J - a +0 glaive
   (You took it off an orc warrior on level 6 of the Dungeon)
Missiles
 d - 2 throwing nets {!f}
 f - 203 stones (quivered)
 C - 19 poisoned darts
Armour
 b - a +0 leather armour
 o - a +0 kite shield
   (You found it on level 2 of the Dungeon)
 x - a +0 helmet (worn)
 y - a +0 scale mail
   (You took it off an orc on level 3 of the Dungeon)
 D - a +2 robe of magic resistance (worn)
   (You found it on level 5 of the Dungeon)
 F - a +0 pair of boots (worn)
   (You found it on level 5 of the Dungeon)
 H - a +0 pair of gloves (worn)
   (You found it on level 5 of the Dungeon)
Jewellery
 g - a +4 ring of evasion (left hand)
   (You found it on level 1 of the Dungeon)
 G - a ring of poison resistance (right hand)
   (You found it on level 5 of the Dungeon)
Wands
 c - a wand of disintegration (5)
   (You found it on level 3 of the Dungeon)
 v - a wand of digging (3)
   (You found it on level 3 of the Dungeon)
 B - a wand of polymorph (1)
   (You took it off Grinder on level 5 of the Dungeon)
Scrolls
 e - 8 scrolls of identify {unknown}
 h - a scroll of immolation {unknown}
 i - 7 scrolls of remove curse {unknown}
 k - 3 scrolls of enchant armour {unknown}
 l - 4 scrolls of teleportation {unknown}
 n - a scroll of noise {unknown}
 q - a scroll of amnesia {unknown}
 A - a scroll of enchant weapon {unknown}
Potions
 j - 2 potions of haste {unknown}
 m - 2 potions of curing {unknown}
 p - a potion of resistance {unknown}
 r - a potion of heal wounds {unknown}
 s - a potion of mutation {!q}
 t - a potion of might {unknown}
 u - a potion of lignification {!q}
 w - a potion of invisibility {unknown}
 z - a potion of flight {unknown}
 E - a potion of cancellation {unknown}
 I - a potion of degeneration {unknown}


   Skills:
 - Level 2.1 Fighting
 - Level 14.0 Polearms
 + Level 3.1 Throwing
 - Level 4.0 Dodging
 * Level 3.2 Shields


You had 7 spell levels left.
You didn't know any spells.
Your spell library was empty.

Dungeon Overview and Level Annotations

Branches:
Dungeon (6/15)
 Temple: D:4-7

Altars:


Innate Abilities, Weirdness & Mutations

You revert to your normal form in water.
You are very nimble and swift while swimming.
You are very stealthy in the water. (Stealth+)
You are partially covered in molten scales. (AC +2)
You are frail. (-10% HP)
You expend magic power (3 MP) to strengthen your wands.


Message History

Attack whom?
Aim: an orc wizard, wielding a -2 dagger and wearing a +0 robe (lightly wounded)
You puncture the orc wizard!
The orc wizard hits you but does no damage.
You puncture the orc wizard!
You kill the orc wizard!
You cannot move.
You start resting.
Your transformation is almost over.
You start resting.
You feel less wooden.
Your +0 helmet unmelds from your body.
Your +0 pair of gloves unmelds from your body.
Your +0 pair of boots unmelds from your body.
Your +2 robe of magic resistance unmelds from your body.
You feel resistant to hostile enchantments.
An orc comes into view.
Items here: ))))))) [[[[ ÷÷ ††.
You start resting.
Okay, then.
Things that are here:
a +0 glaive; a +0 plate armour
J - a +0 glaive
Items here: ))) [ ÷.
An orc priest comes into view. It is wielding a +0 dagger.
An orc priest is nearby!
The orc priest shouts!
The orc priest calls down the wrath of Beogh upon you.
You resist with some effort.
You see here an arrow.
The orc priest mumbles some strange prayers to Beogh against you.
Beogh smites you!
The orc priest invokes the aid of Beogh against you.
Beogh smites you!
* * * LOW HITPOINT WARNING * * *
You are too injured to fight recklessly!
You are too injured to fight recklessly!
The orc priest invokes the aid of Beogh against you.
Beogh smites you!
* * * LOW HITPOINT WARNING * * *
The orc priest hits you but does no damage.
You barely miss the orc priest. The orc priest barely misses you.
You hit the orc priest but do no damage.
The orc priest hits you with a +0 dagger.
* * * LOW HITPOINT WARNING * * *
You barely miss the orc priest. You hit the orc priest.
The orc priest mumbles some strange prayers to Beogh against you.
Beogh smites you!
You die...

##### .# #...##)# #
#.#.)..# .# #.######
.## #[....##. ...#
#...#.##.#####.#.#
#.#.#.##...#!.. .#
#.#)#.####.#)###o##.#.#
#.#........(...@......#
#.#..##..#.#...#.##.#.#
.#.....#....#...#...
.####..######.###.....
....#.....# #.# ..###.#
##.....##.# #.# ..# #
<#......# ..[.# ...
.....#...# .... ...
#.#......# #


You could see an orc priest.

Vanquished Creatures
  Grinder (D:5)
  Sigmund (D:4)
  A sky beast (D:5)
  An orc warrior (D:6)
  An ogre (D:5)
  A centaur (D:6)
  A howler monkey (D:6)
  A centaur zombie (D:5)
  6 orc priests
  8 orc wizards
  Natasha (thrice) (D:3)
  2 worker ants (D:5)
  A hound zombie (D:5)
  2 hound skeletons (D:4)
  8 adders
  A shadow imp (D:5)
  2 oozes
  2 worms
  A dart slug (D:1)
  2 leopard geckos
  20 orcs
  2 ball pythons
  6 bats
  5 giant cockroaches
  5 goblins
  4 hobgoblins
  3 jackals (D:3)
  2 quokkas
  3 frilled lizards
  7 kobolds
  A leopard gecko skeleton (D:4)
  8 rats
112 creatures vanquished.

Notes
Turn   | Place    | Note
-------+----------+-------------------------------------------
     0 | D:1      | CovertPenguin the Merfolk Gladiator began the quest for the
                  | Orb.
     0 | D:1      | Reached XP level 1. HP: 16/16 MP: 1/1
   163 | D:1      | Reached skill level 5 in Polearms
   183 | D:1      | Reached XP level 2. HP: 22/22 MP: 2/2
   923 | D:2      | Reached skill level 6 in Polearms
   923 | D:2      | Reached XP level 3. HP: 27/27 MP: 3/3
  1481 | D:2      | Reached XP level 4. HP: 33/33 MP: 4/4
  1725 | D:3      | Reached skill level 7 in Polearms
  2005 | D:3      | Reached skill level 8 in Polearms
  2005 | D:3      | Reached XP level 5. HP: 38/38 MP: 5/5
  2421 | D:4      | Noticed Sigmund
  3136 | D:4      | Killed Sigmund
  3136 | D:4      | Reached skill level 10 in Polearms
  3136 | D:4      | Reached XP level 6. HP: 44/44 MP: 6/6
  3183 | D:4      | Noticed Natasha
  3209 | D:3      | Killed Natasha
  3378 | D:3      | Noticed Natasha
  3390 | D:3      | Killed Natasha
  3615 | D:3      | Noticed Natasha
  3628 | D:3      | Killed Natasha
  3864 | D:4      | Reached XP level 7. HP: 50/50 MP: 7/7
  4082 | D:4      | Reached skill level 11 in Polearms
  4411 | D:5      | Entered Level 5 of the Dungeon
  4440 | D:5      | Noticed Grinder
  4475 | D:5      | Killed Grinder
  4475 | D:5      | Reached skill level 12 in Polearms
  4763 | D:5      | Reached XP level 8. HP: 41/56 MP: 8/8
  4958 | D:5      | Reached skill level 13 in Polearms
  5558 | D:6      | Reached skill level 14 in Polearms
  5558 | D:6      | Reached skill level 1 in Shields
  5615 | D:6      | Gained mutation: You are frail. (-10% HP) [potion of
                  | mutation]
  5615 | D:6      | Gained mutation: You are partially covered in molten
                  | scales. (AC +2) [potion of mutation]
  5615 | D:6      | Gained mutation: You expend magic power (3 MP) to
                  | strengthen your wands. [potion of mutation]
  5924 | D:6      | Killed from afar by an orc priest

Illustrated notes

Levels and vault maps discovered:
D:1:      dpeg_arrival_ternary, layout_loops_ring, minmay_tree_intersection
D:2:      layout_loops_corners
D:3:      layout_basic
D:4:      layout_cave_pools, uniq_sigmund, uniq_natasha
D:5:      layout_gridville, uniq_grinder
D:6:      layout_basic, kennysheep_mini, grunt_temple_overflow_diamond,
          uniq_menkaure, uniq_duvessa

Skill      XL: |  1  2  3  4  5  6  7  8 |
---------------+-------------------------+-----
Polearms       | 5 6 8 10 12 14 | 14.0
Shields        | 3 |  3.2
Throwing       | 3 |  3.1
Fighting       | |  2.1
Dodging        | |  4.0

Action                   |  1- 3 |  4- 6 |  7- 9 || total
-------------------------+-------+-------+-------++-------
Melee: Trident           |   113 |   131 |   237 ||   481
Throw: Stone             |       |    20 |     9 ||    29
       Throwing net      |       |     2 |       ||     2
Evoke: Wand              |       |       |     2 ||     2
  Use: Potion            |       |       |     2 ||     2
 Stab: Sleeping          |     4 |     3 |     2 ||     9
       Held in net/web   |       |     1 |       ||     1
Armor: Leather armour    |    14 |     9 |       ||    23
       Scale mail        |       |     9 |    10 ||    19
       Skin              |       |       |    23 ||    23
       Robe              |       |       |    10 ||    10
Dodge: Dodged            |    75 |    92 |    81 ||   248

Table legend: (Time is in decaauts)
 A = Elapsed time spent in this place.
 B = Non-inter-level travel time spent in this place.
 C = Inter-level travel time spent in this place.
 D = Time resting spent in this place.
 E = Time spent auto-exploring this place.
 F = Levels seen in this place.
 G = Mean time per level.
                   A        B        C        D        E       F      G
               +--------+--------+--------+--------+--------+-----+--------+
         Total |   5833 |   5531 |    302 |   1869 |   2695 |   6 |  972.2 |
       Dungeon |   5833 |   5531 |    302 |   1869 |   2695 |   6 |  972.2 |
               +--------+--------+--------+--------+--------+-----+--------+

Top non-repeatable levels by time:
     D:3: 1773 daAuts
     D:4: 1025 daAuts
     D:2: 1023 daAuts
     D:5: 912 daAuts
     D:1: 714 daAuts
     D:6: 384 daAuts
